Sasquatch vs Carnivores
(R1)
Created - 26 mai 2013 at 00:10
Goals
|
| Sasquatch |
0 |
2 |
1 |
3 |
| Carnivores |
1 |
0 |
1 |
2 |
|
Shots
|
| Sasquatch |
15 |
12 |
8 |
35 |
| Carnivores |
15 |
9 |
8 |
32 |
|
1st period
1. Carnivores , Janne Niinimaa 2 (David Van Der Gulik, Andrew Ference) at 10:26 (PP)
Penalties :
Cody Franson (Gat) for Hooking (Minor) at 6:08, Brian Lee (Gat) for Hooking (Minor) at 8:33, David Desharnais (Gat) for Slashing (Minor) at 16:51, Jakub Voracek (Gat) for Tripping (Minor) at 19:37
2nd period
2. Sasquatch , Steve Bernier 2 (Brian Lee) at 4:18
3. Sasquatch , Andreas Karlsson 1 (Tomas Kurka, Brian Lee) at 10:17
Penalties :
Janne Niinimaa (Bre) for Slashing (Minor) at 1:22, Evgeny Dadonov (Bre) for High sticking (Minor) at 6:31, Jakub Voracek (Gat) for High sticking (Minor) at 6:31, Keith Aulie (Bre) for Holding Stick (Minor) at 13:51, Keith Aulie (Bre) for Tripping (Minor) at 17:01, Jeremy Welsh (Bre) for Goalie Interference (Minor) at 19:19
3rd period
4. Sasquatch , Aaron Voros 2 (David Perron) at 4:34 (SH)
5. Carnivores , David Van Der Gulik 3 (Matt Cullen, Andy Miele) at 9:55
Penalties :
Mark Giordano (Gat) for Roughing (Minor) at 2:57, David Van Der Gulik (Bre) for Hooking (Minor) at 7:51, Andy Miele (Bre) for Roughing (Minor) at 11:48, Blake Geoffrion (Bre) for High sticking (Minor) at 16:40, Oleg Tverdovsky (Gat) for Hooking (Minor) at 17:18
Goalie Stats
Cory Schneider (Gat), 30 saves from 32 shots - (0,938), W, 1-1-1, 60:00 minutes
Steve Mason (Bre), 32 saves from 35 shots - (0,914), L, 2-1-0, 59:53 minutes
Players Stats for Sasquatch
Player Name G A P +/- PIM S H SB GA TA FO MP PP MP PK MP
------------------------------------------------------------------------------------
Aaron Voros 1 0 1 1 0 1 0 1 1 0 1/1 9:04 1:33 1:30
Andreas Karlsson 1 0 1 1 0 5 1 0 0 3 7/11 12:53 1:43 3:09
Andrew Cogliano 0 0 0 0 0 3 2 0 1 1 20/36 24:23 6:14 5:57
Brian Lee 0 2 2 1 2 5 2 0 0 2 0/0 23:39 6:19 0:12
Cody Franson 0 0 0 1 2 1 0 1 0 0 0/0 22:27 7:51 5:24
David Desharnais 0 0 0 0 2 0 0 0 0 0 1/3 4:27 0:00 0:00
David Perron 0 1 1 1 0 0 2 0 0 0 1/2 17:22 6:14 0:49
Jakub Voracek 0 0 0 0 4 0 0 0 1 0 1/1 15:49 4:18 0:00
Kevin Porter 0 0 0 0 0 4 5 1 0 0 4/15 15:46 4:21 0:03
Konstantin Pushkarev 0 0 0 0 0 0 1 0 0 0 0/0 6:14 1:52 0:00
Kyle Cumiskey 0 0 0 1 0 0 1 3 0 0 0/0 17:42 1:42 4:25
Linus Omark 0 0 0 0 0 4 0 2 0 0 0/0 14:46 4:21 0:00
Mark Giordano 0 0 0 0 2 3 0 3 1 0 0/0 20:27 4:17 3:19
Matt Ellison 0 0 0 1 0 3 0 0 0 0 0/0 7:32 0:00 0:00
Oleg Tverdovsky 0 0 0 1 2 0 1 1 1 3 0/0 25:24 4:16 5:36
Ryan Wilson 0 0 0 0 0 0 0 0 0 0 0/0 10:43 0:10 1:30
Steve Bernier 1 0 1 0 0 3 2 1 1 2 0/2 25:47 6:18 5:49
Tomas Kurka 0 1 1 1 0 3 3 1 0 0 1/1 11:41 0:00 3:09
Players Stats for Carnivores
Player Name G A P +/- PIM S H SB GA TA FO MP PP MP PK MP
------------------------------------------------------------------------------------
Alexei Zhitnik 0 0 0 1 0 1 0 1 1 2 0/0 17:57 0:00 5:32
Andrew Ference 0 1 1 -1 0 0 1 0 1 0 0/0 12:22 4:34 0:24
Andy Miele 0 1 1 1 2 0 2 0 0 2 1/2 22:12 4:54 6:04
Blake Geoffrion 0 0 0 -2 2 1 0 0 0 0 0/0 8:37 0:27 0:06
Bobby Sanguinetti 0 0 0 -1 0 0 0 0 0 0 0/0 6:35 0:00 0:17
Cal O'Reilly 0 0 0 -2 0 1 0 0 0 1 5/9 10:51 0:00 2:26
Chris Lawrence 0 0 0 0 0 0 0 0 0 0 0/0 0:21 0:21 0:00
David Van Der Gulik 1 1 2 1 2 3 0 0 1 0 0/0 6:24 0:30 0:00
Evgeny Dadonov 0 0 0 -1 2 2 1 0 0 0 0/0 16:11 4:58 0:00
Janne Niinimaa 1 0 1 -2 2 3 1 0 3 0 0/0 28:07 5:38 5:44
Jeff Friesen 0 0 0 -1 0 1 0 0 1 0 0/0 18:10 4:52 1:39
Jeff Tambellini 0 0 0 0 0 6 2 0 2 0 0/0 21:01 4:54 3:41
Jeremy Welsh 0 0 0 0 2 1 0 0 0 0 0/0 4:44 0:00 0:00
Jordie Benn 0 0 0 0 0 0 0 0 0 0 0/0 3:56 0:00 2:26
Keith Aulie 0 0 0 1 4 0 7 1 0 0 0/0 21:03 4:34 3:23
Manny Malhotra 0 0 0 0 0 3 2 0 0 0 10/18 18:35 4:54 3:33
Matt Cullen 0 1 1 0 0 5 1 0 1 0 15/34 23:36 4:49 7:07
Mikael Backlund 0 0 0 0 0 1 1 0 0 0 5/7 4:41 0:00 0:00
Phil Oreskovic 0 0 0 0 0 0 0 0 0 0 0/0 1:27 0:00 0:00
Ryan Mcdonagh 0 0 0 -2 0 3 3 3 1 1 0/0 29:05 5:39 6:50
Tim Conboy 0 0 0 -2 0 1 1 1 0 0 0/2 8:05 0:00 0:00
3 Stars
1 - Andreas Karlsson (Gat)
2 - David Van Der Gulik (Bre)
3 - Aaron Voros (Gat)
Power Play
Sasquatch - 0 on 7 Attempt(s) - 0,00%
Carnivores - 1 on 6 Attempt(s) - 16,67%
Penalty Kill
Sasquatch - 5 on 6 Attempt(s) - 83,33%
- Score 1 goal in Penalty Kill
Carnivores - 7 on 7 Attempt(s) - 100,00%
- Score 0 goal in Penalty Kill
Official
Referees : Jackson Dave and Kowal Tom
Linesman : Derek Amell and Don Henderson
Game Notes
No Game Note
Finance
Level 1 -- Attendance: 1860 (93,00%) -- Ticket Income 65 100 $
Level 2 -- Attendance: 861 (86,10%) -- Ticket Income 12 915 $
Total Attendance: 2721 (90,70%)
Total Ticket Income: 78 015 $
Other Income: 3 901 $
Total Income: 81 916 $
Sasquatch
5 vs 5 Forward
Center Left Wing Right Wing Time % Phy DF OF
1 Andrew Cogliano David Perron Steve Bernier 40 1 2 2
2 Kevin Porter Linus Omark Jakub Voracek 30 1 2 2
3 Andreas Karlsson Tomas Kurka Matt Ellison 20 1 2 2
4 David Desharnais Aaron Voros Konstantin Pushkarev 10 1 2 2
5 vs 5 Defense
Defense Defense Time % Phy DF OF
1 Oleg Tverdovsky Brian Lee 40 1 2 2
2 Kyle Cumiskey Mark Giordano 30 1 2 2
3 Cody Franson Ryan Wilson 20 1 2 2
4 Mark Giordano Oleg Tverdovsky 10 1 2 2
PowerPlay Forward
Center Left Wing Right Wing Time % Phy DF OF
1 Andrew Cogliano David Perron Steve Bernier 60 1 2 2
2 Kevin Porter Linus Omark Jakub Voracek 40 1 2 2
PowerPlay Defense
Defense Defense Time % Phy DF OF
1 Cody Franson Brian Lee 60 1 2 2
2 Oleg Tverdovsky Mark Giordano 40 1 2 2
Penalty Kill 4 Players Forward
Center Wing Time % Phy DF OF
1 Andrew Cogliano Steve Bernier 60 1 2 2
2 Andreas Karlsson Tomas Kurka 40 1 2 2
Penalty Kill 4 Players Defense
Defense Defense Time % Phy DF OF
1 Oleg Tverdovsky Cody Franson 60 1 2 2
2 Kyle Cumiskey Mark Giordano 40 1 2 2
Penalty Kill - 3 Players Forward
Forward Time % Phy DF OF
1 Andreas Karlsson 60 1 2 2
2 Kevin Porter 40 1 2 2
Penalty Kill - 3 Players Defense
Defense Defense Time % Phy DF OF
1 Oleg Tverdovsky Kyle Cumiskey 60 1 2 2
2 Ryan Wilson Mark Giordano 40 1 2 2
4 vs 4 Forward
Center Wing Time % Phy DF OF
1 Andrew Cogliano Steve Bernier 60 1 2 2
2 Kevin Porter David Perron 40 1 2 2
4 vs 4 Defense
Defense Defense Time % Phy DF OF
1 Brian Lee Ryan Wilson 60 1 2 2
2 Kyle Cumiskey Mark Giordano 40 1 2 2
Last Minutes Offensive
Center Left Wing Right Wing Defense Defense
Andrew Cogliano David Perron Steve Bernier Brian Lee Mark Giordano
Last Minutes Defensive
Center Left Wing Right Wing Defense Defense
Andrew Cogliano Tomas Kurka Steve Bernier Oleg Tverdovsky Cody Franson
Goaltenders
Starting : Cory Schneider
Backup : Curtis Sanford
Extra Forwards
Normal : Kevin Porter, David Perron, Aaron Voros - PP : Kevin Porter, David Perron - PK : Aaron Voros
Extra Defensemen
Normal : Cody Franson, Ryan Wilson, Kyle Cumiskey - PP : Cody Franson - PK : Ryan Wilson, Oleg Tverdovsky
Penalty Shots
David Perron, Andrew Cogliano, Linus Omark, Andreas Karlsson, Matt Ellison
Carnivores
5 vs 5 Forward
Center Left Wing Right Wing Time % Phy DF OF
1 Matt Cullen Jeff Friesen Andy Miele 35 1 2 2
2 Manny Malhotra Jeff Tambellini Evgeny Dadonov 35 1 2 2
3 Cal O'Reilly Blake Geoffrion Tim Conboy 20 1 2 2
4 Mikael Backlund Jeremy Welsh David Van Der Gulik 10 1 2 2
5 vs 5 Defense
Defense Defense Time % Phy DF OF
1 Janne Niinimaa Ryan Mcdonagh 40 1 2 2
2 Alexei Zhitnik Keith Aulie 30 1 2 2
3 Andrew Ference Bobby Sanguinetti 20 1 2 2
4 Jordie Benn Phil Oreskovic 10 1 2 2
PowerPlay Forward
Center Left Wing Right Wing Time % Phy DF OF
1 Matt Cullen Jeff Friesen Evgeny Dadonov 50 1 2 2
2 Manny Malhotra Jeff Tambellini Andy Miele 50 1 2 2
PowerPlay Defense
Defense Defense Time % Phy DF OF
1 Janne Niinimaa Ryan Mcdonagh 60 1 2 2
2 Keith Aulie Andrew Ference 40 1 2 2
Penalty Kill 4 Players Forward
Center Wing Time % Phy DF OF
1 Matt Cullen Andy Miele 60 1 2 2
2 Manny Malhotra Jeff Tambellini 40 1 2 2
Penalty Kill 4 Players Defense
Defense Defense Time % Phy DF OF
1 Janne Niinimaa Ryan Mcdonagh 60 1 2 2
2 Alexei Zhitnik Keith Aulie 40 1 2 2
Penalty Kill - 3 Players Forward
Forward Time % Phy DF OF
1 Matt Cullen 60 1 2 2
2 Andy Miele 40 1 2 2
Penalty Kill - 3 Players Defense
Defense Defense Time % Phy DF OF
1 Janne Niinimaa Ryan Mcdonagh 60 1 2 2
2 Keith Aulie Andrew Ference 40 1 2 2
4 vs 4 Forward
Center Wing Time % Phy DF OF
1 Matt Cullen Andy Miele 60 1 2 2
2 Jeff Friesen Jeff Tambellini 40 1 2 2
4 vs 4 Defense
Defense Defense Time % Phy DF OF
1 Janne Niinimaa Ryan Mcdonagh 60 1 2 2
2 Alexei Zhitnik Keith Aulie 40 1 2 2
Last Minutes Offensive
Center Left Wing Right Wing Defense Defense
Matt Cullen Jeff Friesen Andy Miele Janne Niinimaa Ryan Mcdonagh
Last Minutes Defensive
Center Left Wing Right Wing Defense Defense
Matt Cullen Jeff Friesen Tim Conboy Janne Niinimaa Ryan Mcdonagh
Goaltenders
Starting : Steve Mason
Backup : Josh Tordjman
Extra Forwards
Normal : David Van Der Gulik, Evgeny Dadonov, Cal O'Reilly - PP : David Van Der Gulik, Evgeny Dadonov - PK : Cal O'Reilly
Extra Defensemen
Normal : Bobby Sanguinetti, Keith Aulie, Jordie Benn - PP : Bobby Sanguinetti - PK : Keith Aulie, Jordie Benn
Penalty Shots
Matt Cullen, Tim Conboy, Cal O'Reilly, Jeff Tambellini, Andy Miele
% Time on Ice - Sasquatch
Lines # - Real PCT - Wanted PCT - Time Play
Normal Forward
1 - 33% - 40% - 10:59
2 - 33% - 30% - 10:54
3 - 23% - 20% - 7:32
4 - 12% - 10% - 3:59
Normal Defense
1 - 42% - 40% - 13:57
2 - 34% - 30% - 11:13
3 - 19% - 20% - 6:27
4 - 5% - 10% - 1:47
PP Forward
1 - 65% - 60% - 7:57
2 - 35% - 40% - 4:21
PP Defense
1 - 65% - 60% - 8:01
2 - 35% - 40% - 4:17
PK Forward
1 - 69% - 60% - 7:01
2 - 31% - 40% - 3:12
PK Defense
1 - 61% - 60% - 6:14
2 - 39% - 40% - 3:59
PK3 Forward
1 - 0% - 60%
2 - 0% - 40%
PK3 Defense
1 - 0% - 60%
2 - 0% - 40%
44 Forward
1 - 78% - 60% - 2:47
2 - 22% - 40% - 0:47
44 Defense
1 - 73% - 60% - 2:36
2 - 27% - 40% - 0:58
Last Minute Offensive - 0:00
Last Minute Defensive - 0:31
Total
Forward - 60:00
Defense - 60:00
|
% Time on Ice - Carnivores
Lines # - Real PCT - Wanted PCT - Time Play
Normal Forward
1 - 27% - 35% - 8:58
2 - 35% - 35% - 11:39
3 - 24% - 20% - 8:05
4 - 14% - 10% - 4:41
Normal Defense
1 - 44% - 40% - 14:36
2 - 34% - 30% - 11:16
3 - 18% - 20% - 6:04
4 - 4% - 10% - 1:27
PP Forward
1 - 52% - 50% - 5:19
2 - 48% - 50% - 4:54
PP Defense
1 - 55% - 60% - 5:39
2 - 45% - 40% - 4:34
PK Forward
1 - 75% - 60% - 9:11
2 - 25% - 40% - 3:07
PK Defense
1 - 55% - 60% - 6:44
2 - 45% - 40% - 5:34
PK3 Forward
1 - 0% - 60%
2 - 0% - 40%
PK3 Defense
1 - 0% - 60%
2 - 0% - 40%
44 Forward
1 - 78% - 60% - 2:47
2 - 22% - 40% - 0:47
44 Defense
1 - 67% - 60% - 2:23
2 - 33% - 40% - 1:11
Last Minute Offensive - 0:32
Last Minute Defensive - 0:00
Total
Forward - 60:00
Defense - 60:00
|
Play by Play
1st period
0:01 of 1st period - Matt Cullen wins face-off versus Andrew Cogliano in neutral zone.
0:12 of 1st period - Ryan Mcdonagh is hit by David Perron and loses puck.
0:27 of 1st period - Brian Lee is hit by Janne Niinimaa and loses puck.
0:48 of 1st period - Slapshot by Matt Ellison.
0:48 of 1st period - Stopped by Steve Mason with a rebound.
1:35 of 1st period - Icing by Andrew Ference.
1:36 of 1st period - Matt Cullen wins face-off versus Steve Bernier in Carnivores zone.
2:23 of 1st period - Cal O'Reilly is hit by Kevin Porter and loses puck.
2:32 of 1st period - Wrist shot by Kevin Porter.
2:32 of 1st period - Stopped by Steve Mason with a rebound.
2:42 of 1st period - Ryan Wilson is hit by Mikael Backlund and loses puck.
5:11 of 1st period - Slapshot by Matt Cullen.
5:11 of 1st period - Stopped by Cory Schneider with a rebound.
5:27 of 1st period - Slapshot by Janne Niinimaa.
5:27 of 1st period - Shot Misses the Net.
5:29 of 1st period - Slapshot by Janne Niinimaa.
5:29 of 1st period - Shot Misses the Net.
5:33 of 1st period - Snap shot by David Van Der Gulik.
5:33 of 1st period - Stopped by Cory Schneider without a rebound.
5:34 of 1st period - Manny Malhotra wins face-off versus Kevin Porter in Sasquatch zone.
5:51 of 1st period - Off-side.
5:52 of 1st period - Andrew Cogliano wins face-off versus Matt Cullen in neutral zone.
6:08 of 1st period - Minor Penalty to Cody Franson for Hooking.
6:09 of 1st period - Andrew Cogliano wins face-off versus Matt Cullen in Sasquatch zone.
6:46 of 1st period - Slapshot by Tomas Kurka.
6:46 of 1st period - Stopped by Steve Mason without a rebound.
6:47 of 1st period - Manny Malhotra wins face-off versus Andrew Cogliano in Carnivores zone.
7:12 of 1st period - Wrist shot by Jeff Tambellini.
7:12 of 1st period - Shot Misses the Net.
7:43 of 1st period - Snap shot by Jeff Tambellini.
7:43 of 1st period - Stopped by Cory Schneider with a rebound.
8:03 of 1st period - Jeff Tambellini is hit by Kyle Cumiskey and loses puck.
8:08 of 1st period - Penalty to Cody Franson is over, Cody Franson is back on ice.
8:19 of 1st period - Snap shot by Jeff Tambellini.
8:19 of 1st period - Stopped by Cory Schneider without a rebound.
8:20 of 1st period - Cal O'Reilly wins face-off versus Kevin Porter in Sasquatch zone.
8:20 of 1st period - Cal O'Reilly is hit by Kevin Porter.
8:24 of 1st period - Snap shot by Tim Conboy.
8:24 of 1st period - Stopped by Cory Schneider without a rebound.
8:25 of 1st period - Cal O'Reilly wins face-off versus Kevin Porter in Sasquatch zone.
8:33 of 1st period - Minor Penalty to Brian Lee for Hooking.
8:34 of 1st period - Tomas Kurka wins face-off versus Matt Cullen in Sasquatch zone.
8:45 of 1st period - Slapshot by Janne Niinimaa.
8:45 of 1st period - Shot Blocked by Oleg Tverdovsky.
8:47 of 1st period - Slapshot by Janne Niinimaa.
8:47 of 1st period - Shot Blocked by Tomas Kurka.
8:49 of 1st period - Slapshot by Evgeny Dadonov.
8:49 of 1st period - Shot Misses the Net.
10:19 of 1st period - Andrew Cogliano is hit by Keith Aulie and loses puck.
10:26 of 1st period - Snap shot by Janne Niinimaa.
10:26 of 1st period - Goal by Janne Niinimaa - Sasquatch : 0 - Carnivores : 1.
10:27 of 1st period - Cal O'Reilly wins face-off versus Kevin Porter in neutral zone.
10:30 of 1st period - Slapshot by Alexei Zhitnik.
10:30 of 1st period - Deflect By Blake Geoffrion.
10:30 of 1st period - Stopped by Cory Schneider without a rebound.
10:31 of 1st period - Kevin Porter wins face-off versus Cal O'Reilly in Sasquatch zone.
10:40 of 1st period - Snap shot by Linus Omark.
10:40 of 1st period - Stopped by Steve Mason with a rebound.
10:42 of 1st period - Slapshot by Mark Giordano.
10:42 of 1st period - Stopped by Steve Mason with a rebound.
10:46 of 1st period - Snap shot by Linus Omark.
10:46 of 1st period - Stopped by Steve Mason with a rebound.
11:48 of 1st period - Slapshot by Brian Lee.
11:48 of 1st period - Stopped by Steve Mason without a rebound.
11:49 of 1st period - Manny Malhotra wins face-off versus David Desharnais in Carnivores zone.
11:56 of 1st period - Slapshot by Oleg Tverdovsky.
11:56 of 1st period - Shot Misses the Net.
11:58 of 1st period - Slapshot by Oleg Tverdovsky.
11:58 of 1st period - Shot Misses the Net.
12:00 of 1st period - Slapshot by Brian Lee.
12:00 of 1st period - Stopped by Steve Mason with a rebound.
12:33 of 1st period - Snap shot by Mikael Backlund.
12:33 of 1st period - Stopped by Cory Schneider without a rebound.
12:34 of 1st period - Kevin Porter wins face-off versus Mikael Backlund in Sasquatch zone.
12:45 of 1st period - Wrist shot by Kevin Porter.
12:45 of 1st period - Stopped by Steve Mason without a rebound.
12:46 of 1st period - Andrew Cogliano wins face-off versus Manny Malhotra in Carnivores zone.
13:11 of 1st period - Jeff Friesen is hit by Oleg Tverdovsky and loses puck.
13:22 of 1st period - Slapshot by Jeff Friesen.
13:22 of 1st period - Deflect By Matt Cullen.
13:22 of 1st period - Shot Misses the Net.
13:22 of 1st period - Puck is out of play.
13:23 of 1st period - Manny Malhotra wins face-off versus Andrew Cogliano in Sasquatch zone.
13:24 of 1st period - Snap shot by Jeff Tambellini.
13:24 of 1st period - Stopped by Cory Schneider with a rebound.
13:29 of 1st period - Off-side.
13:30 of 1st period - Andrew Cogliano wins face-off versus Manny Malhotra in neutral zone.
13:33 of 1st period - Slapshot by Steve Bernier.
13:33 of 1st period - Stopped by Steve Mason with a rebound.
13:35 of 1st period - Snap shot by Andrew Cogliano.
13:35 of 1st period - Stopped by Steve Mason with a rebound.
14:03 of 1st period - Andreas Karlsson is hit by Ryan Mcdonagh and loses puck.
14:22 of 1st period - Snap shot by Manny Malhotra.
14:22 of 1st period - Stopped by Cory Schneider without a rebound.
14:23 of 1st period - Andy Miele wins face-off versus Andrew Cogliano in Sasquatch zone.
14:51 of 1st period - Off-side.
14:52 of 1st period - Kevin Porter wins face-off versus Mikael Backlund in neutral zone.
15:19 of 1st period - Kevin Porter is hit by Keith Aulie and loses puck.
15:26 of 1st period - Wrist shot by Linus Omark.
15:26 of 1st period - Stopped by Steve Mason with a rebound.
15:28 of 1st period - Slapshot by Mark Giordano.
15:28 of 1st period - Deflect By Kevin Porter.
15:28 of 1st period - Stopped by Steve Mason without a rebound.
15:29 of 1st period - Manny Malhotra wins face-off versus Andrew Cogliano in Carnivores zone.
15:29 of 1st period - Manny Malhotra is hit by Steve Bernier.
15:35 of 1st period - Wrist shot by Evgeny Dadonov.
15:35 of 1st period - Shot Misses the Net.
15:37 of 1st period - Snap shot by Janne Niinimaa.
15:37 of 1st period - Shot Blocked by Steve Bernier.
15:39 of 1st period - Wrist shot by Ryan Mcdonagh.
15:39 of 1st period - Stopped by Cory Schneider with a rebound.
15:41 of 1st period - Wrist shot by Manny Malhotra.
15:41 of 1st period - Stopped by Cory Schneider with a rebound.
15:43 of 1st period - Snap shot by Manny Malhotra.
15:43 of 1st period - Stopped by Cory Schneider without a rebound.
15:44 of 1st period - Matt Cullen wins face-off versus Andreas Karlsson in Sasquatch zone.
16:09 of 1st period - David Perron is hit by Jeff Tambellini and loses puck.
16:51 of 1st period - Minor Penalty to David Desharnais for Slashing.
16:52 of 1st period - Matt Cullen wins face-off versus Andrew Cogliano in Sasquatch zone.
16:59 of 1st period - Wrist shot by Matt Cullen.
16:59 of 1st period - Stopped by Cory Schneider with a rebound.
17:01 of 1st period - Snap shot by Jeff Friesen.
17:01 of 1st period - Shot Misses the Net.
17:03 of 1st period - Slapshot by Ryan Mcdonagh.
17:03 of 1st period - Deflect By Andrew Cogliano.
17:03 of 1st period - Stopped by Cory Schneider with a rebound.
18:51 of 1st period - Penalty to David Desharnais is over, David Desharnais is back on ice.
19:09 of 1st period - Snap shot by Tomas Kurka.
19:09 of 1st period - Shot Misses the Net.
19:17 of 1st period - Slapshot by Tomas Kurka.
19:17 of 1st period - Stopped by Steve Mason with a rebound.
19:19 of 1st period - Slapshot by Mark Giordano.
19:19 of 1st period - Stopped by Steve Mason without a rebound.
19:20 of 1st period - Mikael Backlund wins face-off versus Kevin Porter in Carnivores zone.
19:25 of 1st period - Brian Lee is hit by Keith Aulie and loses puck.
19:37 of 1st period - Minor Penalty to Jakub Voracek for Tripping.
19:38 of 1st period - Andrew Cogliano wins face-off versus Matt Cullen in Sasquatch zone.
2nd period
0:01 of 2nd period - Matt Cullen wins face-off versus Andrew Cogliano in neutral zone.
0:10 of 2nd period - Wrist shot by Matt Cullen.
0:10 of 2nd period - Stopped by Cory Schneider without a rebound.
0:11 of 2nd period - Andrew Cogliano wins face-off versus Manny Malhotra in Sasquatch zone.
1:22 of 2nd period - Minor Penalty to Janne Niinimaa for Slashing.
1:23 of 2nd period - Andrew Cogliano wins face-off versus Andy Miele in Carnivores zone.
1:24 of 2nd period - Wrist shot by Steve Bernier.
1:24 of 2nd period - Shot Misses the Net.
1:37 of 2nd period - Penalty to Jakub Voracek is over, Jakub Voracek is back on ice.
3:15 of 2nd period - Kevin Porter is hit by Ryan Mcdonagh and loses puck.
3:22 of 2nd period - Penalty to Janne Niinimaa is over, Janne Niinimaa is back on ice.
3:24 of 2nd period - Snap shot by Jeff Tambellini.
3:24 of 2nd period - Shot Blocked by Linus Omark.
3:30 of 2nd period - Backhand shot by Jeff Tambellini.
3:30 of 2nd period - Shot Misses the Net.
3:32 of 2nd period - Snap shot by Alexei Zhitnik.
3:32 of 2nd period - Stopped by Cory Schneider with a rebound.
3:34 of 2nd period - Snap shot by Jeff Tambellini.
3:34 of 2nd period - Shot Misses the Net.
3:36 of 2nd period - Slapshot by Andrew Ference.
3:36 of 2nd period - Shot Blocked by Kevin Porter.
3:38 of 2nd period - Snap shot by Janne Niinimaa.
3:38 of 2nd period - Shot Misses the Net.
3:44 of 2nd period - Snap shot by Jeff Tambellini.
3:44 of 2nd period - Stopped by Cory Schneider without a rebound.
3:45 of 2nd period - Cal O'Reilly wins face-off versus Andreas Karlsson in Sasquatch zone.
4:01 of 2nd period - Slapshot by Tomas Kurka.
4:01 of 2nd period - Stopped by Steve Mason with a rebound.
4:11 of 2nd period - Cal O'Reilly is hit by Brian Lee and loses puck.
4:18 of 2nd period - Snap shot by Steve Bernier.
4:18 of 2nd period - Goal by Steve Bernier - Sasquatch : 1 - Carnivores : 1.
4:19 of 2nd period - Andrew Cogliano wins face-off versus Matt Cullen in neutral zone.
4:49 of 2nd period - Slapshot by Janne Niinimaa.
4:49 of 2nd period - Shot Misses the Net.
4:51 of 2nd period - Snap shot by Evgeny Dadonov.
4:51 of 2nd period - Stopped by Cory Schneider with a rebound.
5:39 of 2nd period - Wrist shot by Konstantin Pushkarev.
5:39 of 2nd period - Shot Blocked by Keith Aulie.
5:46 of 2nd period - Icing by Andy Miele.
5:47 of 2nd period - Mikael Backlund wins face-off versus Andrew Cogliano in Carnivores zone.
6:01 of 2nd period - Off-side.
6:02 of 2nd period - Matt Cullen wins face-off versus Andrew Cogliano in neutral zone.
6:31 of 2nd period - Minor Penalty to Evgeny Dadonov for High sticking.
6:31 of 2nd period - Minor Penalty to Jakub Voracek for High sticking.
6:32 of 2nd period - Andrew Cogliano wins face-off versus Matt Cullen in Sasquatch zone.
6:38 of 2nd period - Off-side.
6:39 of 2nd period - Andrew Cogliano wins face-off versus Matt Cullen in neutral zone.
6:42 of 2nd period - Snap shot by Brian Lee.
6:42 of 2nd period - Stopped by Steve Mason without a rebound.
6:43 of 2nd period - Andrew Cogliano wins face-off versus Matt Cullen in Carnivores zone.
6:54 of 2nd period - Snap shot by Steve Bernier.
6:54 of 2nd period - Stopped by Steve Mason without a rebound.
6:55 of 2nd period - Matt Cullen wins face-off versus Andrew Cogliano in Carnivores zone.
6:55 of 2nd period - Matt Cullen is hit by Andrew Cogliano.
8:05 of 2nd period - Slapshot by Mark Giordano.
8:05 of 2nd period - Stopped by Steve Mason with a rebound.
8:31 of 2nd period - Penalty to Evgeny Dadonov is over, Evgeny Dadonov is back on ice.
8:31 of 2nd period - Penalty to Jakub Voracek is over, Jakub Voracek is back on ice.
9:15 of 2nd period - Wrist shot by Jakub Voracek.
9:15 of 2nd period - Shot Misses the Net.
9:23 of 2nd period - Slapshot by Jeff Tambellini.
9:23 of 2nd period - Shot Misses the Net.
9:25 of 2nd period - Snap shot by Jeff Friesen.
9:25 of 2nd period - Shot Blocked by Kyle Cumiskey.
9:27 of 2nd period - Slapshot by Alexei Zhitnik.
9:27 of 2nd period - Shot Misses the Net.
9:29 of 2nd period - Slapshot by Jeff Tambellini.
9:29 of 2nd period - Stopped by Cory Schneider with a rebound.
9:31 of 2nd period - Backhand shot by Jeff Friesen.
9:31 of 2nd period - Stopped by Cory Schneider with a rebound.
9:33 of 2nd period - Wrist shot by Jeff Tambellini.
9:33 of 2nd period - Shot Blocked by Kyle Cumiskey.
9:37 of 2nd period - Snap shot by Jeff Tambellini.
9:37 of 2nd period - Shot Blocked by Kyle Cumiskey.
9:43 of 2nd period - Wrist shot by Jeff Friesen.
9:43 of 2nd period - Shot Misses the Net.
9:57 of 2nd period - Snap shot by Jeff Tambellini.
9:57 of 2nd period - Shot Misses the Net.
9:59 of 2nd period - Slapshot by Keith Aulie.
9:59 of 2nd period - Shot Blocked by Aaron Voros.
10:01 of 2nd period - Slapshot by Keith Aulie.
10:01 of 2nd period - Deflect By Jeff Friesen.
10:01 of 2nd period - Shot Misses the Net.
10:01 of 2nd period - Puck is out of play.
10:02 of 2nd period - Andreas Karlsson wins face-off versus Cal O'Reilly in Sasquatch zone.
10:07 of 2nd period - Snap shot by Tomas Kurka.
10:07 of 2nd period - Shot Misses the Net.
10:11 of 2nd period - Slapshot by Andreas Karlsson.
10:11 of 2nd period - Stopped by Steve Mason with a rebound.
10:15 of 2nd period - Backhand shot by Tomas Kurka.
10:15 of 2nd period - Shot Misses the Net.
10:17 of 2nd period - Wrist shot by Andreas Karlsson.
10:17 of 2nd period - Deflect By Janne Niinimaa.
10:17 of 2nd period - Goal by Andreas Karlsson - Sasquatch : 2 - Carnivores : 1.
10:18 of 2nd period - Andreas Karlsson wins face-off versus Cal O'Reilly in neutral zone.
10:21 of 2nd period - Slapshot by Brian Lee.
10:21 of 2nd period - Shot Blocked by Ryan Mcdonagh.
10:23 of 2nd period - Backhand shot by Tomas Kurka.
10:23 of 2nd period - Deflect By Andreas Karlsson.
10:23 of 2nd period - Stopped by Steve Mason with a rebound.
10:25 of 2nd period - Wrist shot by Brian Lee.
10:25 of 2nd period - Stopped by Steve Mason without a rebound.
10:26 of 2nd period - Andreas Karlsson wins face-off versus Tim Conboy in Carnivores zone.
10:35 of 2nd period - Snap shot by Matt Ellison.
10:35 of 2nd period - Shot Blocked by Ryan Mcdonagh.
10:37 of 2nd period - Snap shot by Andreas Karlsson.
10:37 of 2nd period - Stopped by Steve Mason without a rebound.
10:38 of 2nd period - Cal O'Reilly wins face-off versus Andreas Karlsson in Carnivores zone.
10:45 of 2nd period - Snap shot by Cal O'Reilly.
10:45 of 2nd period - Stopped by Cory Schneider without a rebound.
10:46 of 2nd period - Andreas Karlsson wins face-off versus Tim Conboy in Sasquatch zone.
10:46 of 2nd period - Andreas Karlsson is hit by Ryan Mcdonagh.
10:52 of 2nd period - Snap shot by Brian Lee.
10:52 of 2nd period - Stopped by Steve Mason without a rebound.
10:53 of 2nd period - Andrew Cogliano wins face-off versus Matt Cullen in Carnivores zone.
11:12 of 2nd period - Ryan Mcdonagh is hit by Steve Bernier and loses puck.
11:45 of 2nd period - Slapshot by Ryan Mcdonagh.
11:45 of 2nd period - Deflect By Cody Franson.
11:45 of 2nd period - Stopped by Cory Schneider with a rebound.
11:50 of 2nd period - Off-side.
11:51 of 2nd period - Matt Cullen wins face-off versus Steve Bernier in neutral zone.
12:18 of 2nd period - Evgeny Dadonov is hit by Kevin Porter and loses puck.
12:28 of 2nd period - Off-side.
12:29 of 2nd period - Mikael Backlund wins face-off versus Andreas Karlsson in neutral zone.
12:44 of 2nd period - Slapshot by Alexei Zhitnik.
12:44 of 2nd period - Shot Blocked by Mark Giordano.
13:04 of 2nd period - Slapshot by Alexei Zhitnik.
13:04 of 2nd period - Deflect By Matt Cullen.
13:04 of 2nd period - Shot Blocked by Mark Giordano.
13:04 of 2nd period - Puck is out of play.
13:05 of 2nd period - Manny Malhotra wins face-off versus Kevin Porter in Sasquatch zone.
13:35 of 2nd period - Wrist shot by Matt Cullen.
13:35 of 2nd period - Stopped by Cory Schneider with a rebound.
13:37 of 2nd period - Snap shot by Matt Cullen.
13:37 of 2nd period - Shot Misses the Net.
13:39 of 2nd period - Wrist shot by Jeff Friesen.
13:39 of 2nd period - Deflect By Andy Miele.
13:39 of 2nd period - Shot Blocked by Cody Franson.
13:39 of 2nd period - Puck is out of play.
13:40 of 2nd period - Andrew Cogliano wins face-off versus Manny Malhotra in Sasquatch zone.
13:40 of 2nd period - Andrew Cogliano is hit by Keith Aulie.
13:51 of 2nd period - Minor Penalty to Keith Aulie for Holding Stick.
13:52 of 2nd period - Andrew Cogliano wins face-off versus Matt Cullen in Carnivores zone.
13:53 of 2nd period - Wrist shot by David Perron.
13:53 of 2nd period - Shot Blocked by Ryan Mcdonagh.
15:22 of 2nd period - Icing by Cody Franson.
15:23 of 2nd period - Kevin Porter wins face-off versus Manny Malhotra in Sasquatch zone.
15:51 of 2nd period - Penalty to Keith Aulie is over, Keith Aulie is back on ice.
15:52 of 2nd period - Brian Lee is hit by Jeff Tambellini and loses puck.
16:09 of 2nd period - Janne Niinimaa is hit by Tomas Kurka and loses puck.
16:50 of 2nd period - Wrist shot by Jeff Tambellini.
16:50 of 2nd period - Shot Blocked by Mark Giordano.
17:01 of 2nd period - Minor Penalty to Keith Aulie for Tripping.
17:02 of 2nd period - Matt Cullen wins face-off versus Andrew Cogliano in Carnivores zone.
19:01 of 2nd period - Penalty to Keith Aulie is over, Keith Aulie is back on ice.
19:18 of 2nd period - Wrist shot by Matt Ellison.
19:18 of 2nd period - Stopped by Steve Mason with a rebound.
19:19 of 2nd period - Minor Penalty to Jeremy Welsh for Goalie Interference.
19:20 of 2nd period - Matt Cullen wins face-off versus Kevin Porter in Carnivores zone.
19:43 of 2nd period - Andy Miele is hit by David Perron and loses puck.
3rd period
0:01 of 3rd period - Andrew Cogliano wins face-off versus Matt Cullen in neutral zone.
0:25 of 3rd period - Matt Cullen is hit by Kevin Porter and loses puck.
1:19 of 3rd period - Penalty to Jeremy Welsh is over, Jeremy Welsh is back on ice.
1:33 of 3rd period - Off-side.
1:34 of 3rd period - Manny Malhotra wins face-off versus David Desharnais in neutral zone.
1:53 of 3rd period - Aaron Voros is hit by Keith Aulie and loses puck.
2:11 of 3rd period - Off-side.
2:12 of 3rd period - Andreas Karlsson wins face-off versus Matt Cullen in neutral zone.
2:29 of 3rd period - Ryan Mcdonagh is hit by Tomas Kurka and loses puck.
2:44 of 3rd period - Wrist shot by Matt Ellison.
2:44 of 3rd period - Stopped by Steve Mason without a rebound.
2:45 of 3rd period - Andrew Cogliano wins face-off versus Manny Malhotra in Carnivores zone.
2:57 of 3rd period - Minor Penalty to Mark Giordano for Roughing.
2:58 of 3rd period - Matt Cullen wins face-off versus Andrew Cogliano in Sasquatch zone.
3:09 of 3rd period - Wrist shot by Matt Cullen.
3:09 of 3rd period - Shot Misses the Net.
3:11 of 3rd period - Slapshot by Janne Niinimaa.
3:11 of 3rd period - Deflect By Steve Bernier.
3:11 of 3rd period - Stopped by Cory Schneider without a rebound.
3:12 of 3rd period - Manny Malhotra wins face-off versus Andrew Cogliano in Sasquatch zone.
3:17 of 3rd period - Snap shot by Jeff Tambellini.
3:17 of 3rd period - Shot Misses the Net.
3:19 of 3rd period - Slapshot by Janne Niinimaa.
3:19 of 3rd period - Stopped by Cory Schneider with a rebound.
4:34 of 3rd period - Slapshot by Aaron Voros.
4:34 of 3rd period - Goal by Aaron Voros - Sasquatch : 3 - Carnivores : 1.
4:35 of 3rd period - Andrew Cogliano wins face-off versus Matt Cullen in neutral zone.
4:38 of 3rd period - Jeff Friesen is hit by Andrew Cogliano and loses puck.
4:57 of 3rd period - Penalty to Mark Giordano is over, Mark Giordano is back on ice.
5:13 of 3rd period - Slapshot by Kevin Porter.
5:13 of 3rd period - Stopped by Steve Mason with a rebound.
5:15 of 3rd period - Slapshot by Kevin Porter.
5:15 of 3rd period - Shot Blocked by Tim Conboy.
6:17 of 3rd period - Wrist shot by Matt Cullen.
6:17 of 3rd period - Stopped by Cory Schneider with a rebound.
6:31 of 3rd period - Snap shot by Cal O'Reilly.
6:31 of 3rd period - Shot Misses the Net.
6:34 of 3rd period - Icing by Oleg Tverdovsky.
6:35 of 3rd period - Manny Malhotra wins face-off versus Kevin Porter in Sasquatch zone.
7:02 of 3rd period - Kevin Porter is hit by Andy Miele and loses puck.
7:15 of 3rd period - Wrist shot by Linus Omark.
7:15 of 3rd period - Shot Misses the Net.
7:27 of 3rd period - Linus Omark is hit by Tim Conboy and loses puck.
7:40 of 3rd period - Slapshot by David Van Der Gulik.
7:40 of 3rd period - Deflect By Jeremy Welsh.
7:40 of 3rd period - Stopped by Cory Schneider with a rebound.
7:51 of 3rd period - Minor Penalty to David Van Der Gulik for Hooking.
7:52 of 3rd period - Andrew Cogliano wins face-off versus Matt Cullen in Carnivores zone.
8:36 of 3rd period - Icing by Cody Franson.
8:37 of 3rd period - Aaron Voros wins face-off versus Manny Malhotra in Sasquatch zone.
8:39 of 3rd period - Icing by Cody Franson.
8:40 of 3rd period - Andreas Karlsson wins face-off versus Matt Cullen in Sasquatch zone.
8:40 of 3rd period - Andreas Karlsson is hit by Andy Miele.
8:46 of 3rd period - Matt Cullen is hit by Andreas Karlsson and loses puck.
8:58 of 3rd period - Icing by Andreas Karlsson.
8:59 of 3rd period - Andreas Karlsson wins face-off versus Matt Cullen in Sasquatch zone.
9:23 of 3rd period - Jeff Tambellini is hit by Konstantin Pushkarev.
9:33 of 3rd period - Wrist shot by Andreas Karlsson.
9:33 of 3rd period - Stopped by Steve Mason without a rebound.
9:34 of 3rd period - David Perron wins face-off versus Matt Cullen in Carnivores zone.
9:37 of 3rd period - Slapshot by David Perron.
9:37 of 3rd period - Deflect By Andrew Cogliano.
9:37 of 3rd period - Shot Misses the Net.
9:37 of 3rd period - Puck is out of play.
9:38 of 3rd period - Matt Cullen wins face-off versus Andrew Cogliano in Carnivores zone.
9:51 of 3rd period - Penalty to David Van Der Gulik is over, David Van Der Gulik is back on ice.
9:55 of 3rd period - Wrist shot by David Van Der Gulik.
9:55 of 3rd period - Goal by David Van Der Gulik - Sasquatch : 3 - Carnivores : 2.
9:56 of 3rd period - Matt Cullen wins face-off versus Andrew Cogliano in neutral zone.
10:21 of 3rd period - Wrist shot by Linus Omark.
10:21 of 3rd period - Shot Misses the Net.
10:23 of 3rd period - Wrist shot by Linus Omark.
10:23 of 3rd period - Stopped by Steve Mason without a rebound.
10:24 of 3rd period - Jakub Voracek wins face-off versus Manny Malhotra in Carnivores zone.
10:41 of 3rd period - Linus Omark is hit by Manny Malhotra and loses puck.
11:09 of 3rd period - Kevin Porter is hit by Evgeny Dadonov.
11:31 of 3rd period - Wrist shot by Jeff Tambellini.
11:31 of 3rd period - Stopped by Cory Schneider with a rebound.
11:37 of 3rd period - Slapshot by Alexei Zhitnik.
11:37 of 3rd period - Shot Blocked by Linus Omark.
11:39 of 3rd period - Wrist shot by Evgeny Dadonov.
11:39 of 3rd period - Shot Misses the Net.
11:41 of 3rd period - Wrist shot by Keith Aulie.
11:41 of 3rd period - Shot Misses the Net.
11:43 of 3rd period - Slapshot by Evgeny Dadonov.
11:43 of 3rd period - Stopped by Cory Schneider without a rebound.
11:44 of 3rd period - Matt Cullen wins face-off versus David Perron in Sasquatch zone.
11:45 of 3rd period - Snap shot by Jeff Friesen.
11:45 of 3rd period - Shot Misses the Net.
11:48 of 3rd period - Minor Penalty to Andy Miele for Roughing.
11:49 of 3rd period - Matt Cullen wins face-off versus Andrew Cogliano in Carnivores zone.
12:36 of 3rd period - Cal O'Reilly is hit by Kevin Porter and loses puck.
13:27 of 3rd period - Andreas Karlsson is hit by Keith Aulie and loses puck.
13:47 of 3rd period - Icing by Steve Bernier.
13:48 of 3rd period - Penalty to Andy Miele is over, Andy Miele is back on ice.
13:48 of 3rd period - Mikael Backlund wins face-off versus Kevin Porter in Sasquatch zone.
13:49 of 3rd period - Backhand shot by David Van Der Gulik.
13:49 of 3rd period - Stopped by Cory Schneider without a rebound.
13:50 of 3rd period - Mikael Backlund wins face-off versus Kevin Porter in Sasquatch zone.
14:11 of 3rd period - Matt Cullen is hit by Tomas Kurka and loses puck.
14:21 of 3rd period - Tomas Kurka is hit by Matt Cullen and loses puck.
14:40 of 3rd period - Snap shot by Evgeny Dadonov.
14:40 of 3rd period - Shot Misses the Net.
14:52 of 3rd period - Snap shot by Aaron Voros.
14:52 of 3rd period - Shot Blocked by Alexei Zhitnik.
14:54 of 3rd period - Slapshot by Cody Franson.
14:54 of 3rd period - Stopped by Steve Mason without a rebound.
14:55 of 3rd period - David Desharnais wins face-off versus Cal O'Reilly in Carnivores zone.
16:40 of 3rd period - Minor Penalty to Blake Geoffrion for High sticking.
16:41 of 3rd period - Andrew Cogliano wins face-off versus Matt Cullen in Carnivores zone.
17:13 of 3rd period - Off-side.
17:14 of 3rd period - Manny Malhotra wins face-off versus Kevin Porter in neutral zone.
17:18 of 3rd period - Minor Penalty to Oleg Tverdovsky for Hooking.
17:19 of 3rd period - Andrew Cogliano wins face-off versus Matt Cullen in Sasquatch zone.
17:30 of 3rd period - Slapshot by Andrew Cogliano.
17:30 of 3rd period - Stopped by Steve Mason with a rebound.
17:32 of 3rd period - Slapshot by Ryan Wilson.
17:32 of 3rd period - Deflect By Andrew Cogliano.
17:32 of 3rd period - Stopped by Steve Mason with a rebound.
18:23 of 3rd period - Steve Bernier is hit by Keith Aulie and loses puck.
18:38 of 3rd period - Janne Niinimaa is hit by Brian Lee and loses puck.
18:40 of 3rd period - Penalty to Blake Geoffrion is over, Blake Geoffrion is back on ice.
19:00 of 3rd period - Tomas Kurka is hit by Manny Malhotra.
19:18 of 3rd period - Penalty to Oleg Tverdovsky is over, Oleg Tverdovsky is back on ice.
19:34 of 3rd period - Steve Bernier is hit by Andrew Ference and loses puck.
19:53 of 3rd period - Carnivores, Steve Mason is pulled from the net.
Output by the SimonT Hockey Simulator (STHS) for François Prévost -- Original Page W3C XHTML 1.0 Valid